 Dungeon Sprint DCSS version 0.27-a0-592-g0306a34022 (webtiles) character file.

Game seed: 1765801097550456468

139 sahdkjhfkaj the Unseen (level 5, 0/30 HPs)
             Began as a Vampire Brigand on Mar 10, 2021.
             Was an Initiate of Ashenzari.
             Splashed by a jelly's acid (5 damage)
             ... in the Dungeon (Sprint VII: "The Pits").
             The game lasted 00:00:53 (185 turns).

sahdkjhfkaj the Unseen (Vampire Brigand)             Turns: 185, Time: 00:00:54

Health: 0/30       AC: -1    Str: 10    XL:     5   Next: 1%
Magic:  5/5        EV: 12    Int: 14    God:    Ashenzari [......]
Gold:   0          SH:  0    Dex: 16    Spells: 4/4 levels left

rFire    . . .     SeeInvis +   a - +2 dagger
rCold    + + .     Faith    .   (no shield)
rNeg     + + +     Spirit   .   b - +0 robe
rPois    ∞         Reflect  .   (no helmet)
rElec    .         Harm     .   c - +0 cloak
rCorr    .         Rampage  .   (no gloves)
Will     .....     NoTele   +   (no boots)
Stlth    ++++++++..             (no amulet)
HPRegen  0.00/turn              (no ring)
MPRegen  0.09/turn              (no ring)

@: corroded, very slightly contaminated, bloodless, invisible
A: fangs 3, see invisible, unbreathing 1
a: Bat Form, Revivify, Renounce Religion


You were in the Dungeon.
You worshipped Ashenzari.
Ashenzari was noncommittal.
You visited 1 branch

Inventory:

Hand Weapons
 a - a +2 dagger (weapon)
Missiles
 d - 8 poisoned darts (quivered)
 e - 2 curare-tipped darts
Armour
 b - a +0 robe (worn)
 c - a +0 cloak (worn)
Scrolls
 f - 5 scrolls of amnesia
 D - a scroll of blinking
Potions
 H - a potion of haste
 J - 6 potions of curing {@q1}
 N - 6 potions of heal wounds {@q2}
 Q - 4 potions of magic
 T - 3 potions of berserk rage


   Skills:
 - Level 1.7 Fighting
 - Level 2.1 Short Blades
 - Level 1.5 Throwing
 - Level 1.1 Dodging
 + Level 15.4 Stealth


You had 4 spell levels left.
You didn't know any spells.
Your spell library was empty.

Dungeon Overview and Level Annotations

Branches:
Dungeon (1/1)

Altars:
Ashenzari
Cheibriados
Dithmenos
Elyvilon
Fedhas
Gozag
Hepliaklqana
Kikubaaqudgha
Makhleb
Nemelex Xobeh
Okawaru
Qazlal
Ru
Sif Muna
Trog
Uskayaw
Vehumet
Wu Jian
Xom
Yredelemnul
Zin
The Shining One
Beogh
Jiyva
Lugonu


Innate Abilities, Weirdness & Mutations

You do not regenerate when monsters are visible.
You are frail without blood (-20% HP).
You can heal yourself when you bite living creatures.
You are immune to poison.
You have razor-sharp teeth.
You have supernaturally acute eyesight. (SInv)
You can survive without breathing.


Message History

You have reached level 4!
The orc hits you with a +0 whip. a +0 dagger; a +0 robe; an orc corpse You strike the helpless orc from behind!
You feel better.
You impale the orc!!
You kill the orc!
You closely miss the orc. Your bite misses the orc.
The orc hits you with a +0 mace.
You hit the orc but do no damage.
You strike the helpless orc from behind!
You feel better.
You impale the orc!!
You kill the orc!
You closely miss the orc. Your bite misses the orc.
You hit the orc but do no damage.
You catch the helpless orc completely off-guard!
You impale the orc!!
You kill the orc!
You have reached level 5!
You feel clever.
You hit the leopard gecko.
The leopard gecko is moderately wounded.
You catch the helpless leopard gecko completely off-guard!
You impale the leopard gecko!!
You kill the leopard gecko!
You hit the jelly.
Your hands burn!
The jelly is lightly wounded.
The jelly hits you.
You are splashed with acid!
You barely miss the jelly.
The jelly is lightly wounded.
You hit the jelly.
Your hands burn!
The jelly is moderately wounded.
You hit the jelly. The acid corrodes you!
Your hands burn!
* * * LOW HITPOINT WARNING * * *
The jelly is heavily wounded.
The jelly hits you.
* * * LOW HITPOINT WARNING * * *
You are splashed with acid.
* * * LOW HITPOINT WARNING * * *
You hit the jelly.
Your hands burn!
You die...

##########'##.....
#.?(.')))'.##.....
##########.##.....
#....)....†.'.....
#'#####'#####.....
#.#.....#..##.....
#.#.....#))#####'#
#.###'###))##.....
#@#†....#))##.....
#J#.....#[[##.....
#.####'##'###...<.
#.#..†.....##.....
#.#.).....[##.....
#'###########.....
#.......# ######
#..J.Y..#
#...#...#


You could see a jelly.

Vanquished Creatures
  A phantom (D)
  An orc wizard (D)
  A gnoll (D)
  A river rat (D)
  An ufetubus (D)
  A leopard gecko (D)
  4 orcs (D)
  A hobgoblin (D)
  5 jackals (D)
  2 ball pythons (D)
18 creatures vanquished.

Notes
Turn   | Place    | Note
-------+----------+-------------------------------------------
     0 | D        | sahdkjhfkaj the Vampire Brigand began the quest for the
                  | Orb.
     0 | D        | Reached XP level 1. HP: 16/16 MP: 1/1
    18 | D        | Reached skill level 6 in Stealth
    19 | D        | Reached skill level 7 in Stealth
    21 | D        | Found a bloodstained altar of Trog.
    21 | D        | Found a shimmering blue altar of Sif Muna.
    21 | D        | Found a viscous altar of Jiyva.
    21 | D        | Found a hazy altar of Hepliaklqana.
    21 | D        | Found an opulent altar of Gozag.
    23 | D        | Found a basalt altar of Yredelemnul.
    23 | D        | Found a shimmering altar of Xom.
    23 | D        | Found an ornate altar of the Wu Jian Council.
    23 | D        | Found a sacrificial altar of Ru.
    23 | D        | Found a stormy altar of Qazlal.
    23 | D        | Found an iron altar of Okawaru.
    23 | D        | Found a sparkling altar of Nemelex Xobeh.
    23 | D        | Found a burning altar of Makhleb.
    23 | D        | Found a blossoming altar of Fedhas.
    23 | D        | Found a shadowy altar of Dithmenos.
    23 | D        | Found a snail-covered altar of Cheibriados.
    24 | D        | Found a radiant altar of Vehumet.
    24 | D        | Found a corrupted altar of Lugonu.
    25 | D        | Found a hide-covered altar of Uskayaw.
    25 | D        | Found an ancient bone altar of Kikubaaqudgha.
    25 | D        | Found a broken altar of Ashenzari.
    33 | D        | Became a worshipper of Ashenzari the Shackled
    82 | D        | Reached skill level 9 in Stealth
    82 | D        | Reached XP level 2. HP: 14/17 MP: 2/2
    86 | D        | Reached skill level 10 in Stealth
   101 | D        | Reached XP level 3. HP: 21/21 MP: 3/3
   103 | D        | Reached skill level 11 in Stealth
   156 | D        | Noticed an ice beast
   156 | D        | Noticed a phantom
   168 | D        | Reached skill level 12 in Stealth
   170 | D        | Killed a phantom
   171 | D        | Reached skill level 15 in Stealth
   171 | D        | Reached XP level 4. HP: 26/26 MP: 4/4
   179 | D        | Reached XP level 5. HP: 30/30 MP: 5/5
   185 | D        | Splashed by a jelly's acid

Illustrated notes

Levels and vault maps discovered:
D:        pitsprint [storerooms_1, entrance_room_1, metal_vault_2, armoury_2,
          mini_pit_1, grid_room_1, main_hall_1, silver_pit, the_coven_3,
          the_vestibule_1, steel_vault_2, golden_pit, hallway_of_sentries,
          crystal_vault_5, iron_vault_5, final_vault]

Skill      XL: |  1  2  3 |
---------------+----------+-----
Stealth        | 9 10 15 | 15.4
Fighting       | |  1.7
Short Blades   | |  2.1
Throwing       | |  1.5
Dodging        | |  1.1

Action                   |  1- 3 |  4- 6 || total
-------------------------+-------+-------++-------
Melee: Dagger            |    22 |    14 ||    36
 Abil: Exsanguinate      |     1 |       ||     1
  Use: Potion            |     2 |       ||     2
       Scroll            |     1 |       ||     1
 Stab: Sleeping          |    10 |       ||    10
       Invisible         |     4 |     4 ||     8
Dodge: Dodged            |     9 |     3 ||    12

Table legend: (Time is in decaauts)
 A = Elapsed time spent in this place.
 B = Non-inter-level travel time spent in this place.
 C = Inter-level travel time spent in this place.
 D = Time resting spent in this place.
 E = Time spent auto-exploring this place.
 F = Levels seen in this place.
 G = Mean time per level.
                   A        B        C        D        E       F      G
               +--------+--------+--------+--------+--------+-----+--------+
         Total |    181 |    159 |     22 |      0 |      0 |   1 |  181.0 |
       Dungeon |    181 |    159 |     22 |      0 |      0 |   1 |  181.0 |
               +--------+--------+--------+--------+--------+-----+--------+

Top non-repeatable levels by time:
       D: 181 daAuts
